 Dungeon Crawl Stone Soup version 0.29-a0-341-g24ffce5b50 (webtiles) character file.

Game seed: 13649948800473287138

22559 avis the Brawler (level 13, -2/126 HPs)
             Began as a Hill Orc Monk on Apr 19, 2022.
             Was a High Priest of Beogh.
             Slain by a komodo dragon (19 damage)
             ... on level 6 of the Lair of Beasts on Apr 21, 2022.
             The game lasted 01:54:07 (16871 turns).

avis the Brawler (Hill Orc Monk)                   Turns: 16871, Time: 01:54:09

Health: -2/126     AC: 16    Str: 18    XL:     13   Next: 1%
Magic:  16/16      EV: 14    Int: 13    God:    Beogh [*****.]
Gold:   808        SH:  0    Dex: 14    Spells: 9/16 levels left

rFire   . . .      SeeInvis .     - Unarmed
rCold   . . .      Faith    .   (no shield)
rNeg    . . .      Spirit   .   E - +4 acid dragon scales
rPois   +          Reflect  .   s - +2 hat
rElec   .          Harm     .   (no cloak)
rCorr   +          Rampage  .   D - +0 pair of gloves
Will    .....                   (no boots)
Stlth   +.........              p - amulet of the acrobat
HPRegen 0.31/turn               A - ring of poison resistance
MPRegen 0.15/turn               d - ring of the Octopus King {rCorr AC+1 EV+1 Str+1 Int+1 Dex+1}

@: on berserk cooldown, hasted and slowed
A: walk on water
a: Renounce Religion, Smiting, Recall Orcish Followers, Give Item to Named
Follower


You were on level 6 of the Lair of Beasts.
You worshipped Beogh.
Beogh was extremely pleased with you.
You visited 3 branches of the dungeon, and saw 15 of its levels.
You also visited: Ossuary.

You collected 808 gold pieces.

Inventory:

Hand Weapons
 b - a +1 vorpal hunting sling
 m - a +0 trident
 w - a +2 arbalest of flaming
 G - a +0 lajatang
 J - a +3 antimagic battleaxe
Missiles
 F - 2 boomerangs
Armour
 s - a +2 hat (worn)
 D - a +0 pair of gloves (worn)
 E - +4 acid dragon scales (worn)
Jewellery
 d - a ring of the Octopus King (right hand) {rCorr AC+1 EV+1 Str+1 Int+1 Dex+1}
   (You found it on level 2 of the Lair of Beasts)

   [ring of resist corrosion]

   AC:        It affects your AC (+1).
   EV:        It affects your evasion (+1).
   Str:       It affects your strength (+1).
   Int:       It affects your intelligence (+1).
   Dex:       It affects your dexterity (+1).
   rCorr:     It protects you from acid and corrosion.
 p - an amulet of the acrobat (around neck)
 A - a ring of poison resistance (left hand)
 H - the ring "Xupsauwu" {Fly Dex+6}
   (You found it on level 3 of the Lair of Beasts)

   [ring of dexterity]

   Dex:       It affects your dexterity (+6).
   Fly:       It grants you flight.
Wands
 c - a wand of paralysis (6)
 g - a wand of acid (6)
 q - a wand of iceblast (29)
 u - a wand of mindburst (5)
Scrolls
 f - 3 scrolls of magic mapping
 h - a scroll of summoning
 i - 4 scrolls of blinking {unknown}
 j - 8 scrolls of teleportation
 l - 3 scrolls of immolation {unknown}
 t - 2 scrolls of amnesia {unknown}
 C - a scroll of torment {unknown}
 L - 5 scrolls of vulnerability {unknown}
 N - a scroll of fear {unknown}
 O - 3 scrolls of fog
Potions
 a - 2 potions of magic
 k - 2 potions of flight
 n - a potion of brilliance
 o - 2 potions of haste
 r - 3 potions of ambrosia
 v - 5 potions of curing
 x - a potion of resistance {unknown}
 B - a potion of berserk rage
 I - a potion of lignification {unknown}
 T - 2 potions of cancellation
Miscellaneous
 e - a condenser vane
 y - a tin of tremorstones (2/2)


   Skills:
 - Level 15.0 Fighting
 + Level 8.0 Armour
 - Level 5.0 Dodging
 - Level 1.5 Stealth
 - Level 15.0 Unarmed Combat
 - Level 2.0 Spellcasting
 - Level 2.0 Transmutations
 - Level 2.0 Air Magic
 - Level 2.0 Earth Magic
 - Level 5.0 Invocations


You had 9 spell levels left.
You knew the following spells:

 Your Spells              Type           Power      Damage    Failure   Level
c - Passwall              Tmut/Erth      5%         N/A       22%         2
e - Wereblood             Tmut           6%         N/A       22%         2
f - Swiftness             Air            6%         N/A       38%         3

Your spell library contained the following spells:

 Spells                   Type           Power      Damage    Failure   Level
 Ensorcelled Hibernation  Hex/Ice        2%         N/A       43%         2
 Sublimation of Blood     Necr           1%         N/A       43%         2
 Tukima's Dance           Hex            1%         N/A       67%         3
 Anguish                  Hex/Necr       0%         N/A       97%         4
 Enfeeble                 Hex            0%         N/A       100%        7
 Summon Hydra             Summ           0%         N/A       100%        7


Dungeon Overview and Level Annotations

Branches:
Dungeon (9/15)             Temple (1/1) D:7            Lair (4/6) D:9
  Swamp (0/4) Lair:2       Spider (0/4) Lair:3          Orc (0/2) D:9
Ossuary (visited)

Altars:
Dithmenos
Gozag
Kikubaaqudgha
Makhleb
Qazlal
Sif Muna
Uskayaw
Yredelemnul

Shops:
D:3 (

Annotations:
D:8 2 transporters, CowFu's ghost, novice MiFi
D:9 2 transporters, brightshaft's ghost, novice DjFE


Message History

The komodo dragon closely misses you.
You hit the cane toad.
The cane toad is heavily wounded.
Nordag hits the tyrant leech with a +0 spear!
Orkwin unwields a +0 arbalest.
Orkwin hits the cane toad!
The cane toad stings Orkwin!!
Orkwin is poisoned.
The cane toad poisons Orkwin!
The blink frog blinks!
You punch the tyrant leech! You punch the tyrant leech.
You kill the tyrant leech!
Beogh accepts your kill.
The bullfrog hits Olfrun but does no damage.
The komodo dragon bites you but does no damage.
Olfrun hits the bullfrog with a +0 glaive!!!
The bullfrog dies!
Beogh accepts your kill.
The cane toad stings Orkwin!
Orkwin looks as sick as possible!
The cane toad poisons Orkwin!
Nordag hits the cane toad with a +0 spear.
The cane toad dies!
Beogh accepts your kill.
Orkwin barely misses the blink frog.
Your Armour skill increases to level 8!
You have reached level 13!
You punch the komodo dragon!
The komodo dragon is moderately wounded.
The blink frog hits you.
* * * LOW HITPOINT WARNING * * *
The komodo dragon bites you!
* * * LOW HITPOINT WARNING * * *
Olfrun hits the blink frog from afar with a +0 glaive!!
Nordag hits the komodo dragon with a +0 spear!!
You closely miss the komodo dragon.
The komodo dragon is moderately wounded.
The blink frog misses you.
Orkwin hits the blink frog!!
The blink frog dies!
Beogh accepts your kill. The komodo dragon bites you!!
You die...

≈≈≈≈≈≈≈≈##
≈≈≈≈≈≈≈≈≈≈##
≈≈≈≈≈≈≈≈≈≈.
≈≈≈≈≈≈≈≈≈≈##
P≈≈≈≈≈≈≈≈≈≈##
P≈≈≈≈≈≈o≈≈≈P#
PP≈.≈..≈.†≈.#
.PP≈...†o####...
...F..o@l.......
.......l†.......
...#.........#..
..........P...#
...............#
............P.##
....#.#......P#
.....#..?......


You could see 2 komodo dragons, a blink frog, the friendly Nordag the orc knight
(strong), the friendly Olfrun the orc knight (strong) and the friendly Orkwin
the orc knight (strong, extremely poisoned).

Vanquished Creatures
  2 hydras
  A boulder beetle (Lair:3)
  3 death yaks (D:9)
  A two-headed ogre (D:9)
  2 bog bodies (Lair:2)
  2 wolf spiders (Lair:3)
  2 elephants (Lair:3)
  2 black mambas
  A cane toad (Lair:3)
  A rime drake (Lair:3)
  A komodo dragon (Lair:1)
  A hornet (D:7)
  2 tyrant leeches (Lair:6)
  Eustachio (D:6)
  A shadow (D:9)
  A culicivora (Lair:3)
  2 wyverns
  33 yaks
  A vampire mosquito (Lair:6)
  An acid dragon (D:9)
  4 water moccasins
  2 ice beasts
  3 orc warriors
  3 sky beasts
  3 centaurs
  2 kobold brigands (D:8)
  5 bullfrogs
  2 necrophages
  6 scorpions
  4 water moccasin zombies (Ossuary)
  3 howler monkeys
  5 electric eels (D:8)
  A hound (D:5)
  2 jellies
  2 gnoll shamans (D:6)
  2 orc priests (D:8)
  Natasha (thrice) (D:3)
  An iguana (D:5)
  11 orc wizards
  2 mummies (Ossuary)
  Robin (D:2)
  9 gnolls (D:6)
  10 adders
  A white imp (D:7)
  An ufetubus (D:7)
  3 adder zombies (Ossuary)
  3 worms (D:2)
  A dart slug (D:3)
  28 orcs
  13 endoplasms
  8 giant cockroaches
  A gnoll zombie (Ossuary)
  14 goblins
  6 hobgoblins
  4 ball pythons
  5 bats
  3 frilled lizards
  4 hobgoblin zombies (Ossuary)
  16 kobolds
  8 kobold zombies (Ossuary)
  8 orc zombies (Ossuary)
  4 rats
278 creatures vanquished.

Vanquished Creatures (collateral kills)
  Rupert (Lair:3)
  3 elephants
  2 cane toads
  4 komodo dragons
  A polar bear (Lair:1)
  A hornet (D:9)
  4 blink frogs (Lair:6)
  14 yaks
  A vampire mosquito (Lair:6)
  4 water moccasins
  A kobold brigand (D:9)
  A scorpion (Lair:4)
  8 bullfrogs
  2 howler monkeys
  An orc priest (D:9)
  An orc wizard (D:9)
  8 orcs
  A kobold (D:9)
58 creatures vanquished.

Vanquished Creatures (others)
  2 orc warriors (Lair:2)
  2 hounds (D:6)
  An orc wizard (D:9)
  5 orcs
  7 fungi
  59 plants
76 creatures vanquished.

Grand Total: 412 creatures vanquished

Notes
Turn   | Place    | Note
-------+----------+-------------------------------------------
     0 | D:1      | avis the Hill Orc Monk began the quest for the Orb.
     0 | D:1      | Reached XP level 1. HP: 19/19 MP: 1/1
   283 | D:1      | Reached XP level 2. HP: 26/27 MP: 2/2
   610 | D:1      | Found a faded altar of an unknown god.
  1316 | D:2      | Reached XP level 3. HP: 27/33 MP: 3/3
  1950 | D:2      | Reached XP level 4. HP: 24/41 MP: 4/4
  2510 | D:3      | Noticed Robin
  2517 | D:2      | Reached skill level 5 in Unarmed Combat
  3017 | D:2      | Killed Robin
  3249 | D:3      | Reached XP level 5. HP: 46/47 MP: 5/5
  3394 | D:3      | Found a basalt altar of Yredelemnul.
  3394 | D:3      | Found a burning altar of Makhleb.
  3448 | D:3      | Found a stormy altar of Qazlal.
  3669 | D:3      | Found Faraupov's Weapon Shop.
  3673 | D:3      | Noticed Natasha
  3690 | D:3      | Killed Natasha
  3691 | D:3      | Reached skill level 5 in Fighting
  3879 | D:3      | Noticed Natasha
  3887 | D:3      | Killed Natasha
  4138 | D:3      | Noticed Natasha
  4148 | D:3      | Killed Natasha
  4459 | D:3      | Reached XP level 6. HP: 34/56 MP: 6/6
  5127 | D:4      | Found an ancient bone altar of Kikubaaqudgha.
  5164 | D:4      | Found an opulent altar of Gozag.
  5302 | D:4      | Learned a level 2 spell: Passwall
  5598 | D:5      | Entered Level 5 of the Dungeon
  5706 | D:5      | Identified a scroll of acquirement
  5706 | D:5      | Acquired a +2 arbalest of flaming
  5749 | D:5      | Found a sand-covered staircase.
  5765 | Ossuary  | Entered an ossuary
  5789 | Ossuary  | Reached XP level 7. HP: 62/63 MP: 7/7
  5823 | Ossuary  | Reached skill level 1 in Earth Magic
  6110 | D:5      | Reached XP level 8. HP: 52/71 MP: 8/8
  6732 | D:6      | Noticed Eustachio
  6736 | D:6      | Reached skill level 1 in Transmutations
  7022 | D:6      | Killed Eustachio
  7028 | D:6      | Reached skill level 10 in Unarmed Combat
  7301 | D:5      | Reached XP level 9. HP: 80/82 MP: 9/9
  7334 | D:6      | Became a worshipper of Beogh the Brigand
  7334 | D:6      | Reached * piety under Beogh
  7334 | D:6      | Reached ** piety under Beogh
  7662 | D:6      | Learned a level 2 spell: Wereblood
  7747 | D:6      | Reached skill level 1 in Spellcasting
  8425 | D:7      | Found a staircase to the Ecumenical Temple.
  8443 | D:7      | Noticed a hornet
  8448 | D:7      | Killed a hornet
  9189 | Temple   | Entered the Ecumenical Temple
  9214 | Temple   | Upgraded the game from 0.29-a0-338-g1ff7896281 to
                  | 0.29-a0-340-g6efceafd81
  9346 | D:7      | HP: 4/84 [yak (14)]
  9357 | D:7      | HP: 4/85 [yak (15)]
  9363 | D:7      | Reached XP level 10. HP: 20/93 MP: 11/11
  9700 | D:8      | Reached skill level 10 in Fighting
  9719 | D:8      | Reached *** piety under Beogh
 10238 | D:8      | Found a transporter.
 10239 | D:8      | Found a transporter.
 10248 | D:8      | Noticed CowFu's ghost (novice MiFi)
 10554 | D:8      | Gained Nordag as an ally
 11119 | D:8      | Found a hide-covered altar of Uskayaw.
 11119 | D:8      | Found a shadowy altar of Dithmenos.
 11313 | D:9      | Noticed a two-headed ogre
 11318 | D:9      | Killed a two-headed ogre
 11319 | D:9      | Reached skill level 1 in Invocations
 11337 | D:9      | Found a transporter.
 11338 | D:9      | Noticed a two-headed ogre
 11338 | D:9      | Noticed brightshaft's ghost (novice DjFE)
 11338 | D:9      | Identified the +6 dire flail "Vaxelof" {freeze, +Blink}
 11338 | D:9      | Identified the +10 dire flail "Giant's Demise" {vorpal,
                  | rCorr Int-5 Dex+3}
 11338 | D:9      | Noticed a two-headed ogre
 11356 | D:9      | Noticed a death yak
 11358 | D:9      | Noticed a death yak
 11362 | D:9      | Noticed a death yak
 11381 | D:9      | Killed a death yak
 11389 | D:9      | Killed a death yak
 11390 | D:9      | Reached XP level 11. HP: 53/102 MP: 11/13
 11408 | D:9      | Killed a death yak
 11410 | D:9      | Reached **** piety under Beogh
 11433 | D:9      | Found a staircase to the Lair.
 11709 | D:9      | Gained Orkwin as an ally
 11728 | D:9      | Learned a level 3 spell: Swiftness
 11852 | D:9      | Reached skill level 5 in Invocations
 11986 | D:9      | Noticed a two-headed ogre
 11992 | D:9      | Found a transporter.
 12224 | D:9      | Found a staircase to the Orcish Mines.
 12453 | Lair:1   | Entered Level 1 of the Lair of Beasts
 12585 | Lair:1   | Reached skill level 15 in Unarmed Combat
 12885 | Lair:1   | Reached skill level 1 in Armour
 13804 | Lair:2   | Found the ring of the Octopus King
 13811 | Lair:2   | Identified a ring of the Octopus King {rCorr AC+1 EV+1
                  | Str+1 Int+1 Dex+1}
 14007 | Lair:2   | Noticed a bog body
 14011 | Lair:2   | Noticed a bog body
 14014 | Lair:2   | Found a staircase to the Swamp.
 14016 | Lair:2   | Killed a bog body
 14017 | Lair:2   | Reached skill level 5 in Armour
 14020 | Lair:2   | Killed a bog body
 14438 | Lair:2   | Reached XP level 12. HP: 98/115 MP: 15/15
 14887 | Lair:1   | Upgraded the game from 0.29-a0-340-g6efceafd81 to
                  | 0.29-a0-341-g24ffce5b50
 14950 | Lair:3   | Found a shimmering blue altar of Sif Muna.
 14998 | Lair:3   | Noticed a boulder beetle
 15017 | Lair:3   | Killed a boulder beetle
 15109 | Lair:3   | Reached skill level 1 in Air Magic
 15388 | Lair:2   | Reached ***** piety under Beogh
 15526 | Lair:3   | Reached skill level 5 in Dodging
 15935 | Lair:3   | Identified the ring "Xupsauwu" {Fly Dex+6}
 16110 | Lair:3   | Noticed an eight-headed hydra
 16117 | Lair:3   | Noticed Rupert
 16118 | Lair:3   | Killed an eight-headed hydra
 16128 | Lair:3   | Killed Rupert
 16129 | Lair:3   | Reached skill level 15 in Fighting
 16340 | Lair:3   | Found a hole to the Spider Nest.
 16844 | Lair:4   | You fall into a shaft and drop 2 floors!
 16844 | Lair:6   | Entered Level 6 of the Lair of Beasts
 16844 | Lair:6   | Noticed an eight-headed hydra
 16849 | Lair:6   | Gained Olfrun as an ally
 16855 | Lair:6   | Killed an eight-headed hydra
 16870 | Lair:6   | Reached XP level 13. HP: 36/126 MP: 16/16
 16871 | Lair:6   | Slain by a komodo dragon

Illustrated notes

Levels and vault maps discovered:
D:1:      minmay_arrival_pointy, layout_basic, chequers_ecumenical_altar_grove
D:2:      layout_basic
D:3:      layout_loops_corners, chequers_temple_overflow_statue_of_worship,
          amcnicky_altar_gilded, serial_shops, nicolae_shop_advertising_works
          [nicolae_subvault_shop_adworks], serial_bayou_ford_a, uniq_natasha,
          uniq_robin
D:4:      layout_basic, lemuel_round_altar, general_overflow_altar
D:5:      layout_basic, chequers_ossuary_entry_cave
D:6:      layout_cave_pools, uniq_eustachio
D:7:      layout_loops_corners, minmay_temple_entry_sparse_star
D:8:      layout_basic, gammafunk_temple_overflow_elements,
          gammafunk_ghost_gnarly_gnolls, serial_bayou_lake_a
D:9:      layout_rooms, dpeg_lair_monsters, hiddenorc1_lemuel,
          gammafunk_ghost_smash, serial_curves, eino_curves_04, eino_curves_01
Temple:   jpeg_temple_clearing
Lair:1:   layout_regular_city
Lair:2:   layout_misc_corridors, skrybe_swamp_entry_bodies
Lair:3:   layout_cellular_growth, spider_nest_entry_funnel_web, basic_altar,
          uniq_rupert
Lair:4:   layout_loops_ring, gammafunk_ghost_grave, kennysheep_rathole
Lair:6:   minmay_lair_end_frog_pond, layout_cave_shapes, minivault_24

Skill      XL: |  1  2  3  4  5  6  7  8  9 10 11 12 |
---------------+-------------------------------------+-----
Fighting       | 4 5 6 8 9 11 13 15 | 15.0
Unarmed Combat | 4 5 6 7 8 10 12 14 15 | 15.0
Earth Magic    | 1 2 |  2.0
Transmutations | 1 2 |  2.0
Spellcasting   | 1 2 |  2.0
Invocations    | 3 5 |  5.0
Armour         | 5 8 |  8.0
Dodging        | 3 5 |  5.0
Air Magic      | 2 |  2.0
Stealth        | |  1.5

Action                   |  1- 3 |  4- 6 |  7- 9 | 10-12 | 13-15 || total
-------------------------+-------+-------+-------+-------+-------++-------
Melee: Unarmed           |   139 |   141 |    52 |   312 |     2 ||   646
       Punch             |     4 |     2 |     4 |    48 |       ||    58
 Fire: Hunting sling     |       |    47 |       |       |       ||    47
       Arbalest          |       |    11 |   193 |    88 |       ||   292
 Cast: Wereblood         |       |       |       |     1 |       ||     1
Invok: Convert to Beogh  |       |       |     1 |       |       ||     1
       Recall Orcish Fol |       |       |       |    10 |       ||    10
       Stop Recall       |       |       |       |     6 |       ||     6
       Give Item to Name |       |       |       |     2 |       ||     2
       Smiting           |       |       |       |     1 |       ||     1
Evoke: Wand              |       |       |       |     1 |       ||     1
  Use: Scroll            |       |    13 |     3 |     7 |       ||    23
       Potion            |       |       |     4 |    11 |       ||    15
 Stab: Sleeping          |     2 |       |       |       |       ||     2
       Distracted        |       |       |       |     7 |       ||     7
Armor: Robe              |    24 |    11 |       |       |       ||    35
       Leather armour    |       |    34 |    85 |    13 |       ||   132
       Acid dragon scale |       |       |       |    75 |       ||    75
Dodge: Dodged            |    78 |   118 |   192 |   188 |     1 ||   577

Table legend: (Time is in decaauts)
 A = Elapsed time spent in this place.
 B = Non-inter-level travel time spent in this place.
 C = Inter-level travel time spent in this place.
 D = Time resting spent in this place.
 E = Time spent auto-exploring this place.
 F = Levels seen in this place.
 G = Mean time per level.
                   A        B        C        D        E       F      G
               +--------+--------+--------+--------+--------+-----+--------+
         Total |  16997 |  15505 |   1492 |   5508 |   6116 |  16 | 1062.3 |
       Dungeon |  12436 |  11271 |   1165 |   4121 |   4559 |   9 | 1381.8 |
        Temple |     59 |     56 |      3 |      0 |      0 |   1 |   59.0 |
          Lair |   4225 |   3901 |    324 |   1328 |   1557 |   5 |  845.0 |
       Ossuary |    274 |    274 |      0 |     59 |      0 |   1 |  274.0 |
               +--------+--------+--------+--------+--------+-----+--------+

Top non-repeatable levels by time:
     D:2: 1872 daAuts
     D:8: 1731 daAuts
     D:3: 1704 daAuts
  Lair:3: 1523 daAuts
     D:7: 1494 daAuts
  Lair:2: 1353 daAuts
     D:5: 1326 daAuts
  Lair:1: 1303 daAuts
     D:1: 1283 daAuts
     D:9: 1089 daAuts
     D:6: 1066 daAuts
     D:4: 868 daAuts
 Ossuary: 274 daAuts
  Temple: 59 daAuts
  Lair:4: 25 daAuts
